 Dungeon Crawl Stone Soup version 0.21.1-1-g345015f (webtiles) character file.

265 grindst0ne the Skirmisher (level 5, -1/44 HPs)
             Began as a Demonspawn Gladiator on Mar 5, 2018.
             Slain by Grinder (4 damage)
             ... while paralysed by Grinder
             ... on level 3 of the Dungeon.
             The game lasted 00:04:04 (3096 turns).

grindst0ne the Skirmisher (Demonspawn Gladiator)    Turns: 3096, Time: 00:04:05

Health: -1/44      AC:  9    Str: 12 (15) XL:     5   Next: 99%
Magic:  5/5        EV:  2    Int:  8 (9)  God:
Gold:   115        SH:  0    Dex: 14 (15) Spells: 4/4 levels left

rFire    . . .     SeeInvis .   a - +0 war axe
rCold    . . .     Gourm    .   l - +0 buckler
rNeg     . . .     Faith    .   e - +0 chain mail
rPois    .         Spirit   .   c - +0 helmet
rElec    .         Reflect  .   (no cloak)
rCorr    .         Harm     .   (no gloves)
MR       .....                  (no boots)
Stlth    ..........             (no amulet)
HPRegen  0.14/turn              (no ring)
MPRegen  0.09/turn              (no ring)

@: paralysed, hasted, drained
A: talons 1, large bone plates 1
a: no special abilities


You were on level 3 of the Dungeon.
You were not hungry.

You visited 1 branch of the dungeon, and saw 3 of its levels.

You collected 115 gold pieces.

Inventory:

Hand Weapons
 a - a +0 war axe (weapon)
Missiles
 d - 3 throwing nets (quivered)
Armour
 b - a +0 leather armour
 c - a +0 helmet (worn)
 e - a +0 chain mail (worn)
 l - a +0 buckler (worn)
 p - a +0 shield
Scrolls
 g - a scroll of amnesia {unknown}
 h - 2 scrolls of enchant armour {unknown}
 i - a scroll of immolation {unknown}
 j - 2 scrolls of identify {unknown}
 q - a scroll of blinking {unknown}
 r - a scroll of remove curse {unknown}
 s - a scroll of teleportation {unknown}
Potions
 k - 4 potions of curing {unknown}
 n - 2 potions of flight {unknown}
Comestibles
 f - 2 rations


   Skills:
 + Level 5.1(4.9) Fighting
 - Level 2.6(2.5) Axes
 - Level 1.7(1.5) Throwing
 - Level 2.6(2.5) Dodging
 + Level 3.1(2.9) Shields


You had 4 spell levels left.
You didn't know any spells.

Dungeon Overview and Level Annotations

Branches:
Dungeon (3/15)

Altars:
Elyvilon
Ru
The Shining One

Annotations:
D:3 Grinder


Innate Abilities, Weirdness & Mutations

You have sharp toenails.
You are partially covered in large bone plates. (SH +4)


Message History

Grinder hits you!
You writhe in agony.
You hit Grinder. You claw Grinder.
Grinder is severely wounded.
Grinder closely misses you.
You slash Grinder!
Grinder is almost dead.
Grinder hits you.
* * * LOW HITPOINT WARNING * * *
You closely miss Grinder.
Grinder is almost dead.
Grinder gestures at you.
You suddenly lose the ability to move!
Grinder hits you.
* * * LOW HITPOINT WARNING * * *
You writhe in agony.
* * * LOW HITPOINT WARNING * * *
Grinder hits you.
* * * LOW HITPOINT WARNING * * *
You writhe in agony.
You die...

### ## ..# ### #.. # #.#
#.. !.#.# #<#
####.######..#.# ..#
##.##.#.........#
#.####...#.#..# ....#
#.............###5...#
#.####...#.#.###@...# ..#
##.##.........## ###
#.####.###.#.# #.#
#.......# #+## #####.###
##...## #.# ##.....## #.##
##.......# #..##
###.........####...########


You could see Grinder.

Vanquished Creatures
  A hound (D:3)
  An orc wizard (D:3)
  4 gnolls (D:3)
  9 adders
  5 dart slugs
  2 leopard geckos
  8 orcs (D:3)
  9 bats
  3 giant cockroaches
  2 goblins
  9 hobgoblins
  4 jackals (D:1)
  8 kobolds
  A quokka (D:3)
  8 frilled lizards
  6 rats
80 creatures vanquished.

Notes
Turn   | Place    | Note
-------+----------+-------------------------------------------
     0 | D:1      | grindst0ne the Demonspawn Gladiator began the quest for the Orb.
     0 | D:1      | Reached XP level 1. HP: 16/16 MP: 1/1
   342 | D:1      | Gained mutation: You are partially covered in large bone plates. (SH +4) [demonic ancestry]
   342 | D:1      | Reached XP level 2. HP: 23/23 MP: 2/2
   356 | D:1      | Reached skill level 3 in Fighting
   623 | D:1      | Reached XP level 3. HP: 26/29 MP: 3/3
   728 | D:2      | Found a white marble altar of Elyvilon.
   896 | D:2      | Reached skill level 1 in Shields
  1244 | D:2      | Reached skill level 4 in Fighting
  1244 | D:2      | Reached XP level 4. HP: 37/37 MP: 4/4
  2452 | D:3      | Gained mutation: You have sharp toenails. [demonic ancestry]
  2452 | D:3      | Reached XP level 5. HP: 34/43 MP: 5/5
  2487 | D:3      | Found a glowing golden altar of the Shining One.
  2714 | D:3      | Found a sacrificial altar of Ru.
  2808 | D:3      | Reached skill level 5 in Fighting
  3082 | D:3      | Noticed Grinder
  3094 | D:3      | Paralysed by Grinder for 5 turns
  3096 | D:3      | Slain by Grinder

Skill      XL: |  1  2  3  4  5 |
---------------+----------------+-----
Fighting       | 3 4 5 |  5.1
Shields        | 1 2 3 |  3.1
Axes           | |  2.6
Throwing       | |  1.7
Dodging        | |  2.6

Action                   |  1- 3 |  4- 6 || total
-------------------------+-------+-------++-------
Melee: War axe           |   114 |   165 ||   279
       Kick              |       |    19 ||    19
  Use: Potion            |       |     2 ||     2
  Eat: Chunk             |     1 |     3 ||     4
       Ration            |       |     1 ||     1
Armor: Chain mail        |    88 |   103 ||   191
Dodge: Dodged            |    56 |    54 ||   110
Block: Other             |     7 |       ||     7
       Buckler           |    35 |    78 ||   113
